 Dungeon Crawl Stone Soup version 0.18.1-48-g4cf74bf (webtiles) character file.

6825 Mesmaeker13 the Covert (level 10, -10/81 HPs)
             Began as a Vampire Assassin on July 12, 2016.
             Was an Initiate of Ashenzari.
             Mangled by a hill giant
             ... wielding a +0 giant club
              (26 damage)
             ... on level 10 of the Dungeon.
             The game lasted 00:41:53 (11107 turns).

Mesmaeker13 the Covert (Vampire Assassin)          Turns: 11107, Time: 00:41:54

Health: -10/81     AC:  5    Str: 10    XL:     10   Next: 77%
Magic:  10/10      EV: 20    Int: 15    God:    Ashenzari [......]
Gold:   110        SH:  0    Dex: 18    Spells: 0 memorised, 9 levels left

rFire  . . .     SeeInvis +     y - +5 dagger (venom)
rCold  . . .     Gourm    .     c - +0 robe
rNeg   . . .     Faith    .     (no shield)
rPois  .         Spirit   .     M - +0 helmet
rElec  .         Dismiss  .     d - +1 cloak (curse)
rCorr  .         Reflect  .     (no gloves)
SustAt .         Harm     .     (no boots)
MR     +....                    w - amulet of regeneration (curse)
Stlth  +++++++++.               N - ring of stealth
                                H - ring of stealth (curse)

@: regenerating quickly, somewhat resistant to hostile enchantments, incredibly
stealthy
A: fangs 3, see invisible, robust 1, unbreathing
a: Curse Item, Renounce Religion


You were on level 10 of the Dungeon.
You worshipped Ashenzari.
Ashenzari was noncommittal.
You were full.

You visited 2 branches of the dungeon, and saw 11 of its levels.
You also visited: Ossuary.

You collected 710 gold pieces.
You spent 600 gold pieces at shops.

Inventory:

Hand Weapons
 b - a +0 blowgun
 l - a +2 short sword
 y - a +5 dagger of venom (weapon)
 I - a +0 dagger of electrocution
Missiles
 e - 31 poisoned needles
 f - 2 throwing nets
 F - 7 javelins of penetration (quivered)
Armour
 c - a +0 robe (worn)
 d - a cursed +1 cloak (worn)
 u - a +0 shield
 M - a +0 helmet (worn)
Jewellery
 w - a cursed amulet of regeneration (around neck)
 H - a cursed ring of stealth (left hand)
 N - a ring of stealth (right hand)
 O - an uncursed ring of flight
Wands
 r - a wand of iceblast (6/15)
 x - a wand of flame (28/48)
Scrolls
 a - a scroll of noise {unknown}
 g - 2 scrolls of enchant weapon
 i - a scroll of teleportation {unknown}
 k - 5 scrolls of enchant armour
 n - 2 scrolls of remove curse
 p - 2 scrolls of magic mapping
 q - 4 scrolls of amnesia
 t - a scroll of immolation {unknown}
 B - 3 scrolls of fear
 G - a scroll of blinking
 L - a scroll of recharging
Potions
 h - 6 potions of curing
 j - a potion of haste {unknown}
 m - 2 potions of cure mutation {unknown}
 z - a potion of mutation
 A - 2 potions of agility {unknown}
 D - a potion of brilliance {unknown}
 E - 5 potions of blood
 J - 2 potions of heal wounds
Books
 o - a book of Conjurations

   Spells                             Type                      Level
   a - Magic Dart                     Conjuration                  1
   b - Searing Ray                    Conjuration                  2
   c - Dazzling Spray                 Conjuration/Hexes            3
   d - Fulminant Prism                Conjuration/Hexes            4
   e - Iskenderun's Mystic Blast      Conjuration                  4
   f - Iskenderun's Battlesphere      Conjuration/Charms           5
 s - a book of Transfigurations

   Spells                             Type                      Level
   a - Irradiate                      Conjuration/Transmutation    5
   b - Statue Form                    Transmutation/Earth          6
   c - Hydra Form                     Transmutation                6
   d - Dragon Form                    Transmutation                7
 v - a Grand Grimoire

   Spells                             Type                      Level
   a - Monstrous Menagerie            Summoning                    7
   b - Summon Greater Demon           Summoning                    7
   c - Malign Gateway                 Summoning/Translocation      7
   d - Summon Horrible Things         Summoning                    8
 K - a book of Changes

   Spells                             Type                      Level
   a - Beastly Appendage              Transmutation                1
   b - Sticks to Snakes               Transmutation                2
   c - Spider Form                    Transmutation/Poison         3
   d - Ice Form                       Ice/Transmutation            4
   e - Blade Hands                    Transmutation                5


   Skills:
 + Level 5.5 Fighting
 - Level 6.2 Short Blades
 - Level 5.7 Throwing
 + Level 10.6 Dodging
 - Level 13.8 Stealth


You had 9 spell levels left.
You didn't know any spells.

Dungeon Overview and Level Annotations

Branches:
Dungeon (10/15)            Temple (1/1) D:7
   Lair: D:8-11         Orc: D:9-12

Altars:
Ashenzari
Cheibriados
Dithmenos
Elyvilon
Fedhas
Gozag
Kikubaaqudgha
Makhleb
Nemelex Xobeh
Okawaru
Pakellas
Qazlal
Ru
Sif Muna
Trog
Vehumet
Xom
Yredelemnul
Zin
The Shining One

Shops:
D:4 [   D:10 !

Annotations:
D:6 theElss's ghost, novice HECj


Innate Abilities, Weirdness & Mutations

Your natural rate of healing is unusually fast.
You have razor-sharp teeth.
You have supernaturally acute eyesight.
You can survive without breathing.
You are robust (+10% HP).


Message History

The hill giant is severely wounded.
The adder looks more healthy.
The hill giant completely misses you.
You hit the hill giant.
You bite the hill giant, but do no damage.
The hill giant is severely wounded.
The adder closely misses you.
The hill giant hits you with a giant club!!
The adder completely misses you.
You hit the adder.
You kill the adder!
You hit the hill giant.
The hill giant is almost dead.
The hill giant hits you with a giant club!!!
* * * LOW HITPOINT WARNING * * *
You hit the hill giant.
The hill giant is almost dead.
You hit the hill giant but do no damage.
The hill giant is almost dead.
The hill giant hits you with a giant club!!
You die...

..........#.#..#.#.# #.#
#######.###......#.# #.#
........#........#.# #.#
##.######.####...#.####.# #.#
#.# ##.....##.#.# ### #.#
#.........#.# #######
#.###..#.####.#.#####
......###......#...........)#
......').......C@.....>.###.#
).....########.#.#....#.#...#
##############(#.#)####.###.#
# #......)S...#.#.#....#...#
# #.###########.#.#.####.###
# #.# ###### #.#.#.# #.# #
#S# #....# #...#.# #.# # #.#
#....#######.####.# ####.#
#............#....#


You could see a hill giant.

Vanquished Creatures
  2 hill giants (D:10)
  A troll (D:9)
  9 yaks (D:9)
  A human (D:9)
  A hippogriff (D:8)
  A hungry ghost (D:7)
  2 orc warriors
  A sky beast (D:5)
  An ice beast (D:6)
  2 black bears (D:6)
  A necrophage (D:7)
  A wasp (D:10)
  2 ogres
  4 centaurs
  A crocodile (D:9)
  A big kobold (D:7)
  A gnoll sergeant (D:9)
  6 giant frogs
  3 scorpions
  3 wights (D:10)
  A howler monkey (D:9)
  5 crimson imps
  A giant frog zombie (D:9)
  2 human zombies (Ossuary)
  2 lava snakes (D:7)
  2 quasits
  3 orc priests
  6 hounds
  10 orc wizards
  A giant frog skeleton (D:9)
  A centaur skeleton (D:6)
  Terence (D:2)
  3 iguanas
  9 worker ants
  4 hound zombies
  5 mummies
  A howler monkey zombie (D:5)
  A worker ant zombie (D:10)
  5 gnolls (D:9)
  13 adders
  2 shadow imps
  2 oozes
  3 adder skeletons
  An adder zombie (Ossuary)
  4 worms
  2 dart slugs
  2 giant geckos
  39 orcs
  10 bats
  4 giant cockroaches
  8 hobgoblins
  11 jackals
  16 kobolds
  A quokka (D:7)
  2 ball pythons (D:3)
  A giant gecko zombie (D:9)
  4 giant newts
  8 goblins
  A goblin zombie (Ossuary)
  A hobgoblin zombie (D:6)
  5 jackal zombies
  An orc zombie (D:6)
  A quokka skeleton (D:5)
  A quokka zombie (D:8)
  9 rats
  2 rat zombies (Ossuary)
261 creatures vanquished.

Vanquished Creatures (others)
  A plant (D:10)
1 creature vanquished.

Grand Total: 262 creatures vanquished

Notes
Turn   | Place    | Note
--------------------------------------------------------------
     0 | D:1      | Mesmaeker13 the Vampire Assassin began the quest for the Orb.
     0 | D:1      | Reached XP level 1. HP: 16/16 MP: 1/1
   145 | D:1      | Reached skill level 6 in Stealth
   292 | D:1      | Reached XP level 2. HP: 15/22 MP: 2/2
   954 | D:1      | Reached XP level 3. HP: 27/27 MP: 3/3
  1221 | D:2      | Reached skill level 7 in Stealth
  1277 | D:2      | Found a glowing golden altar of the Shining One.
  1279 | D:2      | Noticed an angel
  1340 | D:2      | Found a burning altar of Makhleb.
  1349 | D:2      | Reached XP level 4. HP: 27/33 MP: 4/4
  1412 | D:2      | Noticed Terence
  1436 | D:2      | Found an ancient bone altar of Kikubaaqudgha.
  1507 | D:2      | Found an opulent altar of Gozag.
  1616 | D:2      | Killed Terence
  1616 | D:2      | Reached XP level 5. HP: 38/38 MP: 5/5
  1749 | D:2      | Reached skill level 8 in Stealth
  1873 | D:2      | Found a basalt altar of Yredelemnul.
  2131 | D:3      | Reached skill level 5 in Short Blades
  2131 | D:3      | Reached XP level 6. HP: 16/44 MP: 6/6
  2882 | D:3      | Found a bloodstained altar of Trog.
  3962 | D:4      | Found Xecwigeu's Armour Emporium.
  4253 | D:5      | Entered Level 5 of the Dungeon
  4254 | D:5      | Reached skill level 9 in Stealth
  4495 | D:5      | Reached XP level 7. HP: 49/49 MP: 7/7
  4511 | D:5      | Found an iron altar of Okawaru.
  4885 | D:5      | Reached skill level 10 in Stealth
  5737 | D:5      | Reached XP level 8. HP: 55/55 MP: 8/8
  5832 | D:5      | Reached skill level 5 in Dodging
  6191 | D:6      | Found a sand-covered staircase.
  6204 | Ossuary  | Entered an ossuary
  6247 | Ossuary  | Reached skill level 11 in Stealth
  6706 | D:6      | Found a blossoming altar of Fedhas.
  6760 | D:6      | Found a sacrificial altar of Ru.
  6949 | D:6      | Reached skill level 12 in Stealth
  7169 | D:6      | Reached XP level 9. HP: 61/61 MP: 9/9
  7285 | D:6      | Noticed theElss's ghost (novice HECj)
  7682 | D:7      | Found a snail-covered altar of Cheibriados.
  8116 | D:7      | Found a staircase to the Ecumenical Temple.
  8120 | Temple   | Entered the Ecumenical Temple
  8368 | Temple   | Became a worshipper of Ashenzari the Shackled
  8819 | D:8      | Reached skill level 5 in Throwing
  8828 | D:8      | Found an opulent altar of Gozag.
  9018 | D:9      | Reached skill level 13 in Stealth
  9280 | D:9      | Reached XP level 10. HP: 26/67 MP: 10/10
 10047 | D:9      | Found a bloodstained altar of Trog.
 10370 | D:10     | Entered Level 10 of the Dungeon
 10492 | D:10     | Found Ufoosh Fung's Distillery.
 10543 | D:10     | Reached skill level 10 in Dodging
 10548 | D:10     | Bought a potion of heal wounds for 75 gold pieces
 10548 | D:10     | Bought a potion of beneficial mutation for 525 gold pieces
 10548 | D:10     | Gained mutation: You are robust (+10% HP). [potion of beneficial mutation]
 10704 | D:10     | Noticed a hill giant
 10730 | D:10     | Killed a hill giant
 10730 | D:10     | Reached skill level 5 in Fighting
 10927 | D:10     | Noticed a hill giant
 10955 | D:10     | Killed a hill giant
 11052 | D:10     | Noticed a hill giant
 11107 | D:10     | Mangled by a hill giant

Skill      XL: |  1  2  3  4  5  6  7  8  9 10 |
---------------+-------------------------------+-----
Stealth        | 6 7 8 9 10 12 13 | 13.8
Short Blades   | 3 4 5 6 |  6.2
Dodging        | 2 3 4 6 8 10 | 10.6
Throwing       | 2 4 5 |  5.7
Fighting       | 5 |  5.5

Action                   |  1- 3 |  4- 6 |  7- 9 | 10-12 || total
-------------------------+-------+-------+-------+-------++-------
Melee: Dagger            |   114 |   206 |   532 |   303 ||  1155
       Bite              |     7 |    20 |    53 |    39 ||   119
 Fire: Blowgun           |       |    24 |    64 |    46 ||   134
Invok: Curse Item        |       |       |     3 |       ||     3
 Abil: End Transformatio |       |     1 |     1 |     1 ||     3
       Bat Form          |       |     1 |     1 |     1 ||     3
Evoke: Wand              |       |       |    10 |       ||    10
  Use: Potion            |       |     8 |    14 |     9 ||    31
       Scroll            |       |     7 |    13 |     1 ||    21
 Stab: Sleeping          |     9 |    15 |    22 |     2 ||    48
       Distracted        |       |       |     3 |     2 ||     5
  Eat: Corpse            |     1 |     1 |     3 |     3 ||     8
Armor: Robe              |    32 |    24 |    60 |    22 ||   138
Dodge: Dodged            |    70 |   104 |   284 |   171 ||   629
